[Event "Titled Tuesday Blitz October 25 Late 2022"]
[White "Malka, Samuel"]
[Black "Papp, Levente"]
[WhiteFideId "20643675"]
[BlackFideId "751243"]
[WhiteElo "2453"]
[BlackElo "2380"]
[Result "0-1"]
[Round "05"]
[TimeControl "180+1"]
[Date "2022.10.26"]
[WhiteClock "0:00:03"]
[BlackClock "0:00:07"]

1. d4 e6 2. c4 d5 3. Nf3 Nf6 4. g3 Bb4+ 5. Bd2 Be7 6. Bg2 O-O 7. O-O Ne4 8. Qc2 Nd7 9. Be3 c6 10. Nc3 f5 11. Ne5 Nxe5 12. dxe5 Qe8 13. Nxe4 fxe4 14. f3 exf3 15. exf3 b5 16. cxb5 cxb5 17. f4 Ba6 18. Rfc1 Rc8 19. Qd2 Qd7 20. Qa5 Bb7 21. Qxa7 Rc4 22. b3 Ra8 23. Qb6 Bd8 24. Qd6 Qxd6 25. exd6 Rxc1+ 26. Rxc1 Rxa2 27. f5 e5 28. d7 Kf7 29. Rc8 Ra8 30. Rc5 Bb6 31. Rxd5 Bxe3+ 32. Kf1 Rd8 33. Ke2 Bd4 34. Rxd4 Bxg2 35. Rd6 Ke7 36. Re6+ Kxd7 37. Rxe5 Re8 38. Rxe8 Kxe8 39. Ke3 Bd5 40. b4 Kf7 41. Kf4 Kf6 42. g4 Bc4 43. h4 h6 44. g5+ hxg5+ 45. hxg5+ Ke7 46. Ke5 Kd7 47. f6 g6 48. Kf4 Ke6 49. Ke4 Kd6 50. Kf4 Bd5 51. Ke3 Ke5 52. Kd3 Bc4+ 53. Ke3 Kf5 54. Kd4 Kxg5 55. f7 Bxf7 56. Kc5 Bc4 57. Kd4 Kf4 0-1


[Site "https://www.chess.com"]

[Event "Titled Tuesday Blitz October 25 Late 2022"]
[White "Manukian, Artak"]
[Black "Chigaev, Maksim"]
[WhiteFideId "13301373"]
[BlackFideId "4108116"]
[WhiteElo "2494"]
[BlackElo "2537"]
[Result "0-1"]
[Round "05"]
[TimeControl "180+1"]
[Date "2022.10.26"]
[WhiteClock "0:00:17"]
[BlackClock "0:00:05"]

1. e4 c5 2. Nf3 e6 3. c3 d5 4. e5 Nc6 5. d4 Bd7 6. a3 a5 7. Be2 Nge7 8. O-O Ng6 9. a4 cxd4 10. cxd4 f6 11. exf6 Qxf6 12. Bg5 Qf7 13. Nc3 Bb4 14. Nb5 O-O 15. Bd2 Nf4 16. Bxf4 Qxf4 17. Qc1 Qxc1 18. Raxc1 h6 19. g3 Rac8 20. Ne5 Nxe5 21. dxe5 b6 22. f4 Rc5 23. Rxc5 bxc5 24. h4 g5 25. hxg5 hxg5 26. fxg5 Rxf1+ 27. Kxf1 Bd2 28. g6 Kg7 29. Bd3 c4 30. Bc2 Bc1 31. b3 cxb3 32. Bxb3 Kxg6 33. Bc2+ Kf7 34. Nd6+ Ke7 35. Nb7 Bd2 36. Ke2 Bc3 37. g4 Bxe5 38. Nxa5 Bc3 39. Nb3 Bxa4 40. Nd4 Be8 41. Nf3 e5 42. Nh4 Kf6 43. Nf3 e4 44. Nd2 Ke5 45. Nf1 Kf4 46. Ne3 Bb5+ 0-1


[Site "https://www.chess.com"]

[Event "Titled Tuesday Blitz October 25 Late 2022"]
[White "Marcolino, Daniel Mattos"]
[Black "Rengifo Blancas, Renzo Jhonathan"]
[WhiteFideId "2106841"]
[BlackFideId "3807185"]
[WhiteElo "2089"]
[BlackElo "2058"]
[Result "1-0"]
[Round "05"]
[TimeControl "180+1"]
[Date "2022.10.26"]
[WhiteClock "0:00:08"]
[BlackClock "0:01:20"]

1. d4 d6 2. Nf3 Nf6 3. g3 g6 4. Bg2 Bg7 5. O-O O-O 6. b3 Re8 7. Bb2 Nbd7 8. Re1 c6 9. e4 e5 10. dxe5 dxe5 11. Nxe5 Ng4 12. Nxf7 Qb6 13. Bxg7 Nxf2 14. Qd4 Kxf7 15. Kxf2 c5 16. Qb2 Kg8 17. Nd2 Re7 18. Nc4 Qc7 19. Bc3 b5 20. Ne3 b4 21. Nd5 bxc3 22. Nxe7+ Kf7 23. Qxc3 Kxe7 24. Qg7+ Ke8 25. Rad1 Rb8 26. Bh3 c4 27. Rd5 Qb6+ 28. Kg2 Rb7 29. Qg8+ Nf8 30. Bxc8 Re7 31. Red1 Rxe4 32. Rd8+ Ke7 33. Qxf8# 1-0


[Site "https://www.chess.com"]

[Event "Titled Tuesday Blitz October 25 Late 2022"]
[White "Martinez Alcantara, Jose Eduardo"]
[Black "Dardha, Daniel"]
[WhiteFideId "3805662"]
[BlackFideId "240990"]
[WhiteElo "2703"]
[BlackElo "2528"]
[Result "1-0"]
[Round "05"]
[TimeControl "180+1"]
[Date "2022.10.26"]
[WhiteClock "0:00:37"]
[BlackClock "0:00:15"]

1. e4 e5 2. Nf3 Nc6 3. Bb5 Nf6 4. Qe2 Bd6 5. c3 O-O 6. d3 a6 7. Ba4 Re8 8. h3 b5 9. Bb3 Na5 10. Bc2 c5 11. Nbd2 Bc7 12. Nf1 d5 13. Bg5 d4 14. Ng3 h6 15. Bh4 g5 16. Nxg5 hxg5 17. Bxg5 Qd6 18. Bd2 Nc6 19. O-O dxc3 20. bxc3 b4 21. Ba4 bxc3 22. Bxc3 Rd8 23. Qf3 Nd4 24. Bxd4 cxd4 25. Rac1 Nh7 26. Bb3 Qe7 27. Rc6 Bd6 28. Nf5 Bxf5 29. Qxf5 Qf6 30. Qh5 Kg7 31. Bd5 Rab8 32. Rxa6 Rb2 33. Ra7 Rf8 34. a4 Ng5 35. Qg4 Kh6 36. Qh4+ Kg6 37. Qg4 Kh6 38. Ra6 Rd8 39. a5 Rg8 40. Kh1 Rg6 41. Rb6 Rxf2 42. Qh4+ Kg7 43. Qxf2 Qe7 44. Rb7 Bc7 45. Qc2 Nxh3 46. Rxf7+ Qxf7 47. Bxf7 Rc6 1-0


[Site "https://www.chess.com"]

[Event "Titled Tuesday Blitz October 25 Late 2022"]
[White "Matinian, Nikita"]
[Black "Kisic, Bozidar"]
[WhiteFideId "24129100"]
[BlackFideId "16500350"]
[WhiteElo "2422"]
[BlackElo "2233"]
[Result "1-0"]
[Round "05"]
[TimeControl "180+1"]
[Date "2022.10.26"]
[WhiteClock "0:01:33"]
[BlackClock "0:00:33"]

1. e4 g6 2. d4 Bg7 3. Nc3 a6 4. g4 d6 5. Bg2 Nc6 6. d5 Nd4 7. Be3 c5 8. dxc6 Nxc6 9. h3 Nf6 10. Nge2 h5 11. g5 Nd7 12. f4 Qa5 13. Qd2 Nb6 14. b3 O-O 15. O-O Bd7 16. Rad1 Rac8 17. Nd5 Qxd2 18. Rxd2 Nxd5 19. exd5 Nd8 20. c4 b5 21. cxb5 Bxb5 22. Re1 Nb7 23. Nd4 Nc5 24. Nc6 Bxc6 25. dxc6 Ne6 26. Rc1 Rfd8 27. Bb6 Nc7 28. Bf1 e5 29. Bxa6 Nxa6 30. Bxd8 Rxd8 31. c7 Rc8 32. Rxd6 Rxc7 33. Rd8+ Kh7 34. Rxc7 Nxc7 35. Rd7 Ne6 36. fxe5 Nxg5 37. a4 Nf3+ 38. Kg2 Nxe5 39. Rc7 g5 40. a5 f5 41. a6 f4 42. a7 g4 43. a8=Q f3+ 44. Kf1 1-0


[Site "https://www.chess.com"]

[Event "Titled Tuesday Blitz October 25 Late 2022"]
[White "Melikyan, Gnel"]
[Black "Kabanova, Ekaterina"]
[WhiteFideId "54109990"]
[BlackFideId "24112917"]
[WhiteElo "2138"]
[BlackElo "2141"]
[Result "1-0"]
[Round "05"]
[TimeControl "180+1"]
[Date "2022.10.26"]
[WhiteClock "0:00:09"]
[BlackClock "0:00:05"]

1. a3 c5 2. Nf3 e6 3. g3 Nf6 4. Bg2 b6 5. O-O Bb7 6. d4 cxd4 7. Qxd4 Qc7 8. c4 Bc5 9. Qd2 O-O 10. Nc3 Be7 11. b3 a6 12. Bb2 d6 13. Rac1 Nbd7 14. Rfd1 Rfe8 15. e3 Nc5 16. Qc2 Rac8 17. Ba1 Qb8 18. Qa2 Qa8 19. Ne1 h5 20. b4 Ncd7 21. Ne2 Ne5 22. c5 Nf3+ 23. Nxf3 Bxf3 24. Bxf3 Qxf3 25. cxd6 Rxc1 26. Rxc1 Bxd6 27. Qd2 Ne4 28. Qe1 h4 29. Nd4 Qh5 30. Qe2 Qg6 31. Rc6 Be5 32. Bb2 h3 33. Qc2 Qh5 34. Qe2 Qg6 35. Rc1 Bxd4 36. Bxd4 e5 37. Bb2 Ng5 38. Qg4 Rd8 39. Bxe5 Qc2 40. Rxc2 f5 41. Qc4+ Kh8 42. Qc8 Rxc8 43. Rxc8+ Kh7 44. Bd4 Nf3+ 45. Kh1 Nd2 46. Rc7 Ne4 47. Kg1 Nd2 48. Rxg7+ Kh6 49. Ra7 Kg5 50. f4+ Kg4 51. Kf2 Ne4+ 52. Ke2 a5 53. bxa5 bxa5 54. Rg7+ Kh5 55. Rg5+ Kh6 56. Rxf5 Kg6 57. Rg5+ Kh6 58. Kf3 Nd6 59. Kg4 Nc4 60. Rxa5 Nxa5 61. Kxh3 Nc4 62. a4 Kg6 63. Kg4 Nd6 64. a5 1-0


[Site "https://www.chess.com"]

[Event "Titled Tuesday Blitz October 25 Late 2022"]
[White "Mickiewicz, Piotr"]
[Black "Levine, David"]
[WhiteFideId "1114891"]
[BlackFideId "2011611"]
[WhiteElo "2246"]
[BlackElo "2227"]
[Result "1-0"]
[Round "05"]
[TimeControl "180+1"]
[Date "2022.10.26"]
[WhiteClock "0:01:53"]
[BlackClock "0:01:31"]

1. Nf3 Nf6 2. b3 g6 3. Bb2 Bg7 4. c4 O-O 5. e3 d6 6. Be2 e5 7. d3 Nc6 8. O-O h6 9. a3 a5 10. Nbd2 Be6 11. Qc2 Qd7 12. Bc3 Nh5 13. b4 f5 14. b5 Ne7 15. Qb2 Bf7 16. a4 g5 17. Nb3 g4 18. Nfd2 Ng6 19. g3 f4 20. exf4 exf4 21. Bxg7 Nxg7 22. Ne4 b6 23. Nf6+ 1-0


[Site "https://www.chess.com"]

[Event "Titled Tuesday Blitz October 25 Late 2022"]
[White "Mikhalsky, Vladimir"]
[Black "Culum, Sanjin"]
[WhiteFideId "14144352"]
[BlackFideId "14420937"]
[WhiteElo "2271"]
[BlackElo "2180"]
[Result "1-0"]
[Round "05"]
[TimeControl "180+1"]
[Date "2022.10.26"]
[WhiteClock "0:00:18"]
[BlackClock "0:00:05"]

1. e4 a6 2. d4 b5 3. a4 b4 4. c3 Bb7 5. d5 Nf6 6. cxb4 Nxe4 7. Nc3 Nf6 8. Bg5 e6 9. dxe6 dxe6 10. Qxd8+ Kxd8 11. O-O-O+ Ke8 12. b5 a5 13. Nf3 Nbd7 14. Bc4 Nb6 15. Bb3 Be7 16. Bf4 Rc8 17. Ne5 Nbd5 18. Nxd5 Nxd5 19. Bg3 Nb4 20. Rhe1 c6 21. Nxf7 cxb5+ 22. Kb1 Kxf7 23. Bxe6+ Kf8 24. Bxc8 Bxc8 25. Re5 bxa4 26. Rxa5 Nc6 27. Ra8 Kf7 28. Ka1 a3 29. Rc1 axb2+ 30. Kxb2 Bf6+ 31. Ka3 Ne7 32. Bd6 Rd8 33. Bxe7 Bxe7+ 34. Kb2 Rd2+ 35. Rc2 Rxc2+ 36. Kxc2 Bf5+ 37. Kd2 Be4 38. Rh8 Bxg2 39. Rxh7 Bg5+ 40. Ke2 Kg8 41. Rh5 Bf6 42. Ra5 Be4 43. f3 Bg6 44. Kf2 Kh7 45. Kg3 Bd4 46. f4 Kh6 47. f5 Bf7 48. Kf4 Bf6 49. Ra6 Kh5 50. Ra8 Bd5 51. Rh8# 1-0


[Site "https://www.chess.com"]

[Event "Titled Tuesday Blitz October 25 Late 2022"]
[White "Milikow, Yoav"]
[Black "Svane, Rasmus"]
[WhiteFideId "2822237"]
[BlackFideId "4657101"]
[WhiteElo "2341"]
[BlackElo "2674"]
[Result "1/2-1/2"]
[Round "05"]
[TimeControl "180+1"]
[Date "2022.10.26"]
[WhiteClock "0:00:04"]
[BlackClock "0:00:05"]

1. d4 Nf6 2. c4 e6 3. Nc3 Bb4 4. Qc2 d5 5. a3 Bxc3+ 6. Qxc3 dxc4 7. Qxc4 b6 8. Nf3 O-O 9. Bg5 Ba6 10. Qa4 h6 11. Bh4 c5 12. dxc5 bxc5 13. Rd1 Qe7 14. e4 Bxf1 15. Rxf1 e5 16. Rd5 Nbd7 17. Bxf6 Nxf6 18. Rxe5 Qb7 19. Qc2 Rfe8 20. Ke2 Qb5+ 21. Ke1 Rad8 22. Rxe8+ Rxe8 23. Nd2 Ng4 24. Nc4 Nxh2 25. Rh1 Ng4 26. Nd6 Qa5+ 27. b4 cxb4 28. Nxe8 b3+ 29. Qd2 b2 30. Qxa5 b1=Q+ 31. Ke2 Qxh1 32. Qc3 Nf6 33. Nxf6+ gxf6 34. Qg3+ Kh7 35. Qf3 Kg7 36. Qg4+ Kh7 37. Qf5+ Kg7 38. Qg4+ Kh8 39. Qh3 Qc1 40. Qe3 Qb2+ 41. Kf3 Kg7 42. Kg3 a5 43. Kf3 a4 44. Kg3 Qb3 45. Kf3 Kg6 46. g4 Qd1+ 47. Kg3 Qg1+ 48. Kf3 Kg7 49. Qf4 Qd1+ 50. Kg3 Qb3+ 51. Qf3 Kg6 52. Kf4 Qb8+ 53. Ke3 Kg7 54. Ke2 Qb2+ 55. Kf1 Qb3 56. Kg2 Qe6 57. Kg3 Qd6+ 58. Kg2 Qe5 59. Kh3 Qb2 60. Kg2 Qd4 61. Kg3 Qd2 62. Kg2 Qe1 63. Qd3 Qc1 64. Qf3 Qb2 65. Kg3 Qe5+ 66. Kg2 Kg8 67. Qe3 Kh7 68. Qf3 Qd6 69. Qf5+ Kg7 70. Qf3 Qc5 71. Qg3 Qd4 72. Qf3 Qc4 73. Qe3 Kg6 74. Kg3 Qc7+ 75. Kg2 Kg7 76. Qf3 Qc5 77. Qg3 Qd4 78. Qf3 Qb2 79. Kg3 Qb3 80. Kg2 Qa2 81. Kg3 Kg6 82. Qf5+ Kg7 83. Qc5 Qb3+ 84. f3 Qd1 85. Qb4 Qb3 86. Qc5 Qd1 87. Qb4 Qg1+ 88. Kh3 Qf2 89. Qc3 Kg6 90. Qd3 Kg7 91. Qc3 Qg1 92. Qd3 Qh1+ 93. Kg3 Qe1+ 94. Kf4 Qc1+ 95. Kg3 Qb2 96. Qd6 Qb3 97. Kf4 Qc3 98. Qb4 Qc1+ 99. Kg3 Qg1+ 100. Kh3 Qe3 101. Kg3 Qb3 102. Qc5 1/2-1/2


[Site "https://www.chess.com"]

[Event "Titled Tuesday Blitz October 25 Late 2022"]
[White "Mirzoeva, Elmira"]
[Black "Arabidze, Meri"]
[WhiteFideId "4127951"]
[BlackFideId "13604040"]
[WhiteElo "2161"]
[BlackElo "2403"]
[Result "0-1"]
[Round "05"]
[TimeControl "180+1"]
[Date "2022.10.26"]
[WhiteClock "0:00:35"]
[BlackClock "0:00:12"]

1. d4 Nf6 2. c4 e6 3. Nf3 Bb4+ 4. Nbd2 b6 5. a3 Bxd2+ 6. Qxd2 Bb7 7. e3 Ne4 8. Qc2 O-O 9. Be2 f5 10. b4 d6 11. O-O Nd7 12. Bb2 Qe7 13. d5 e5 14. Ne1 g6 15. f3 Nef6 16. Bc3 Rac8 17. b5 Nc5 18. Nd3 Nfd7 19. Nb4 a5 20. bxa6 Nxa6 21. a4 Nxb4 22. Bxb4 c6 23. dxc6 Bxc6 24. Qd2 Nc5 25. Rfb1 Ra8 26. a5 bxa5 27. Bxc5 dxc5 28. Rxa5 e4 29. f4 Rad8 30. Qc3 Rd7 31. Ra6 Bb7 32. Rab6 Rfd8 33. h3 Bc8 34. R1b2 Rd6 35. Rb8 Be6 36. Qa5 Kg7 37. R2b7 R8d7 38. Qa7 Kh6 39. Kh2 Rd2 40. Rxd7 Rxd7 41. Qa1 Rd2 42. Bf1 Qf7 43. Qe5 Bxc4 44. Bxc4 Qxc4 45. Qf6 Rxg2+ 46. Kxg2 Qe2+ 47. Kg3 Qe1+ 48. Kg2 Qe2+ 49. Kg3 Qxe3+ 50. Kg2 Qe2+ 51. Kg3 Qf3+ 52. Kh2 Qxf4+ 53. Kg1 Qg3+ 54. Kf1 Qxb8 55. Qh4+ Kg7 56. Qe7+ Kg8 57. Qxc5 Qf4+ 58. Ke1 Qg3+ 59. Kd1 Qd3+ 60. Kc1 Qd7 61. Qc4+ Kf8 62. Qc5+ Ke8 63. Qe5+ Kf7 64. Qf4 Qc6+ 65. Kd1 Qd5+ 66. Kc1 Qc4+ 67. Kd1 Qd3+ 68. Ke1 Qc3+ 69. Kf1 Qf3+ 70. Qxf3 exf3 71. Kf2 g5 72. Kxf3 h5 73. Kg3 f4+ 74. Kf3 h4 75. Kg4 Kf6 76. Kf3 Kf5 77. Kf2 g4 78. hxg4+ Kxg4 79. Kg2 f3+ 80. Kf2 h3 81. Kg1 Kg3 82. Kh1 Kf2 83. Kh2 Ke2 84. Kxh3 f2 85. Kg3 f1=Q 0-1


[Site "https://www.chess.com"]

[Event "Titled Tuesday Blitz October 25 Late 2022"]
[White "Omariev, Maksim"]
[Black "Rose, Felix"]
[WhiteFideId "4193423"]
[BlackFideId "5105722"]
[WhiteElo "2412"]
[BlackElo "2039"]
[Result "1-0"]
[Round "05"]
[TimeControl "180+1"]
[Date "2022.10.26"]
[WhiteClock "0:00:12"]
[BlackClock "0:00:27"]

1. g4 d5 2. Bg2 c6 3. h3 h5 4. g5 h4 5. d4 Nd7 6. c4 dxc4 7. Nc3 e6 8. e4 Ne7 9. Be3 Ng6 10. Nge2 e5 11. Qd2 exd4 12. Nxd4 Nde5 13. O-O-O Qa5 14. Kb1 Bb4 15. f4 Bxc3 16. bxc3 Nd3 17. e5 c5 18. Ne2 Bf5 19. Ka1 O-O-O 20. Rb1 Rd7 21. Qc2 Re8 22. Rb2 Nxb2 23. Qxf5 Na4 24. Bxb7+ Kd8 25. Bc6 Rc7 26. Rd1+ Ke7 27. Bxe8 Kxe8 28. Qc2 Rb7 29. Rb1 Rxb1+ 30. Kxb1 Qb6+ 31. Ka1 Qc6 32. f5 Nxe5 33. Nf4 Qh1+ 34. Qc1 Qxc1+ 35. Bxc1 g6 36. f6 Nxc3 37. Bb2 Nd3 38. Nxd3 cxd3 39. Bxc3 c4 40. Kb2 Kd7 41. Ka3 Kc6 42. Kb4 Kd5 43. a4 Ke4 44. Kxc4 Ke3 45. Kd5 d2 46. Bxd2+ Kxd2 47. Kd6 a5 48. Ke7 Kc3 49. Kxf7 Kb4 50. Kxg6 Kxa4 51. f7 Kb3 52. f8=Q a4 53. Qf3+ Kb2 54. Qg4 a3 55. Qxh4 a2 56. Qf2+ Kb1 57. Qxa2+ Kxa2 58. h4 Kb3 59. h5 Kc4 60. h6 1-0


[Site "https://www.chess.com"]

[Event "Titled Tuesday Blitz October 25 Late 2022"]
[White "Ozates, Tuna"]
[Black "Sibilio, Mario"]
[WhiteFideId "6354521"]
[BlackFideId "800422"]
[WhiteElo "2151"]
[BlackElo "2296"]
[Result "1-0"]
[Round "05"]
[TimeControl "180+1"]
[Date "2022.10.26"]
[WhiteClock "0:00:46"]
[BlackClock "0:00:02"]

1. b3 d5 2. Bb2 Nc6 3. e3 a6 4. c4 d4 5. exd4 Nxd4 6. Nf3 c5 7. Be2 Nf6 8. O-O g6 9. Nxd4 cxd4 10. Bf3 Bg7 11. Re1 O-O 12. d3 Re8 13. Nd2 e5 14. b4 a5 15. a3 Qc7 16. c5 Be6 17. h3 Rad8 18. Qa4 Ra8 19. Qb5 Nd5 20. Bxd5 Bxd5 21. Nc4 Bxc4 22. Qxc4 h5 23. b5 Rac8 24. Rac1 Qd7 25. a4 Re6 26. Ba3 Kh7 27. Rc2 f5 28. Rec1 e4 29. c6 bxc6 30. bxc6 Qe8 31. c7 exd3 32. Qxd3 Re1+ 33. Rxe1 Qxe1+ 34. Kh2 Be5+ 35. g3 h4 36. Re2 hxg3+ 37. fxg3 Qf1 38. Qb5 1-0


[Site "https://www.chess.com"]

[Event "Titled Tuesday Blitz October 25 Late 2022"]
[White "Ozdemir, Serhan Berat"]
[Black "Muhammad, Shahzeb"]
[WhiteFideId "6374611"]
[BlackFideId "7804806"]
[WhiteElo "2016"]
[BlackElo "2410"]
[Result "1-0"]
[Round "05"]
[TimeControl "180+1"]
[Date "2022.10.26"]
[WhiteClock "0:00:51"]
[BlackClock "0:00:05"]

1. e4 d5 2. exd5 Nf6 3. Nc3 Nxd5 4. Bc4 Nxc3 5. Qf3 e6 6. dxc3 Nc6 7. Bf4 Bd6 8. Rd1 O-O 9. Ne2 Qh4 10. Qg3 Qxg3 11. hxg3 Ne5 12. Bb3 a5 13. a4 b6 14. Rh5 f5 15. Nd4 g6 16. Rh1 Nf7 17. Nb5 Rd8 18. Nxc7 Bxc7 19. Bxc7 Rxd1+ 20. Kxd1 1-0


[Site "https://www.chess.com"]

[Event "Titled Tuesday Blitz October 25 Late 2022"]
[White "Ozen, Bahadir"]
[Black "Sorokin, Aleksey"]
[WhiteFideId "6337058"]
[BlackFideId "24176460"]
[WhiteElo "2503"]
[BlackElo "2476"]
[Result "1/2-1/2"]
[Round "05"]
[TimeControl "180+1"]
[Date "2022.10.26"]
[WhiteClock "0:00:27"]
[BlackClock "0:00:21"]

1. g3 Nf6 2. Bg2 d5 3. d3 c5 4. Nf3 g6 5. O-O Bg7 6. c3 Nc6 7. Nbd2 O-O 8. a3 a5 9. a4 b6 10. Qc2 Ba6 11. Rd1 Rc8 12. e4 e6 13. Bf1 Qc7 14. exd5 exd5 15. Bh3 Rce8 16. Nf1 d4 17. Bf4 Qb7 18. Bd6 dxc3 19. bxc3 Ne7 20. Bg2 Qd7 21. Bxe7 Rxe7 22. d4 cxd4 23. Nxd4 Qc7 24. Rab1 Ng4 25. Qb3 Bxf1 26. Rxf1 h5 27. Qxb6 Qxc3 28. Nf3 Re2 29. Qb3 Qxb3 30. Rxb3 Ra2 31. h3 Ne5 32. Nxe5 Bxe5 33. Bc6 Rc8 34. Bb5 Rcc2 35. Rf3 Kg7 36. h4 Bd4 37. Kg2 Rd2 38. Rf4 Rab2 39. Rf3 f5 40. Kg1 Kf6 41. Kg2 Ke5 42. Be8 Kf6 43. Bb5 Bc5 44. Be8 Re2 45. Bb5 Rec2 46. Be8 Bd4 47. Bb5 Rc3 48. Rxc3 Bxc3 49. Rd1 Ke5 50. Rd3 Bd4 51. Rf3 Kf6 52. Rf4 Bc5 53. Rf3 Bd4 54. Rf4 Rd2 55. Rf3 Bc5 56. Rf4 Bd6 57. Rf3 g5 58. hxg5+ Kxg5 59. Rd3 Rxd3 60. Bxd3 f4 61. Be2 fxg3 62. fxg3 1/2-1/2


[Site "https://www.chess.com"]

[Event "Titled Tuesday Blitz October 25 Late 2022"]
[White "Ozsakallioglu, Okan"]
[Black "Hoffmann, Asa"]
[WhiteFideId "6367011"]
[BlackFideId "2001470"]
[WhiteElo "2078"]
[BlackElo "2117"]
[Result "0-1"]
[Round "05"]
[TimeControl "180+1"]
[Date "2022.10.26"]
[WhiteClock "0:00:36"]
[BlackClock "0:00:33"]

1. e4 d6 2. d4 Nf6 3. Nc3 c6 4. Nf3 Bg4 5. Be2 e6 6. O-O d5 7. e5 Nfd7 8. h3 Bh5 9. Be3 c5 10. Nb5 Bxf3 11. Bxf3 cxd4 12. Bxd4 Nc6 13. c4 dxc4 14. Bc3 Ndxe5 15. Qe2 Nxf3+ 16. Qxf3 Qb6 17. a4 a6 18. Na3 Qc5 19. Nc2 f6 20. Rfe1 e5 21. Nd4 Nxd4 22. Bxd4 Qc6 23. Qh5+ g6 24. Qh4 Bg7 25. f4 O-O-O 26. Bc3 e4 27. f5 g5 28. Qh5 Rd3 29. Qf7 Qc7 30. Qe6+ Kb8 31. Rxe4 Rc8 32. Rae1 Qc6 33. Qf7 Rd7 34. Re7 Rcc7 35. Qxg7 Rxe7 36. Rxe7 Qc5+ 37. Kh2 Qxe7 38. Qh8+ Rc8 39. Qxf6 Qxf6 40. Bxf6 Rf8 41. Be5+ Kc8 42. g4 Re8 43. Bf6 Re2+ 44. Kg3 h6 45. Bg7 Kd7 46. Bxh6 Rxb2 47. Bxg5 c3 48. h4 c2 49. h5 Rb1 50. h6 c1=Q 51. Bxc1 Rxc1 52. g5 Ke7 53. g6 Kf6 54. h7 Rh1 55. Kg4 b5 56. axb5 axb5 0-1


[Site "https://www.chess.com"]

[Event "Titled Tuesday Blitz October 25 Late 2022"]
[White "Pap, Gyula"]
[Black "Bortnyk, Olexandr"]
[WhiteFideId "725323"]
[BlackFideId "14120828"]
[WhiteElo "2519"]
[BlackElo "2723"]
[Result "1-0"]
[Round "05"]
[TimeControl "180+1"]
[Date "2022.10.26"]
[WhiteClock "0:00:09"]
[BlackClock "0:00:15"]

1. d4 d6 2. e4 Nf6 3. Nc3 Nbd7 4. f4 e5 5. Nf3 exd4 6. Qxd4 c6 7. Bd2 d5 8. exd5 Bc5 9. Qd3 O-O 10. O-O-O Nb6 11. dxc6 Qc7 12. Ne4 Be7 13. Nfg5 g6 14. Nxf6+ Bxf6 15. Ne4 Bg7 16. Qd6 Qxc6 17. Qxc6 bxc6 18. Bc3 Nd5 19. Bxg7 Kxg7 20. g3 Bg4 21. Re1 Bf3 22. Rg1 Rfe8 23. Bd3 Nb4 24. a3 Nxd3+ 25. cxd3 Rad8 26. Kc2 Rd4 27. Nd2 Be2 28. Nb3 Bxd3+ 29. Kc3 Rxe1 30. Rxe1 Rd5 31. Rd1 Be4 32. Rxd5 Bxd5 33. Nd4 g5 34. a4 Kg6 35. Kb4 Kh5 36. fxg5 Kxg5 37. Kc5 a6 38. b4 h5 39. Nxc6 Bb3 40. b5 axb5 41. axb5 Be6 42. Na7 Bh3 43. b6 Bg2 44. Nc6 Kg4 45. b7 Kh3 46. b8=Q Kxh2 47. Qf4 Bh3 48. Qh4 Kg2 49. Qxh5 1-0


[Site "https://www.chess.com"]

[Event "Titled Tuesday Blitz October 25 Late 2022"]
[White "Papasimakopoulos, Alexandros"]
[Black "Putnam, Liam"]
[WhiteFideId "4244125"]
[BlackFideId "30938279"]
[WhiteElo "2357"]
[BlackElo "2082"]
[Result "1-0"]
[Round "05"]
[TimeControl "180+1"]
[Date "2022.10.26"]
[WhiteClock "0:00:35"]
[BlackClock "0:00:06"]

1. d4 Nf6 2. c4 g6 3. Nc3 Bg7 4. e4 d6 5. f3 O-O 6. Nge2 Nc6 7. Be3 a6 8. Qd2 Na5 9. Nc1 c5 10. Nb3 Nxb3 11. axb3 cxd4 12. Bxd4 Bd7 13. b4 Rc8 14. Be2 Be6 15. b3 Nd7 16. O-O Bxd4+ 17. Qxd4 Ne5 18. b5 axb5 19. Nxb5 Rc5 20. f4 Nc6 21. Qe3 Qb6 22. Qf2 Bd7 23. Ra4 e5 24. b4 Rxb5 25. cxb5 Nd4 26. Bd3 Bxb5 27. Bxb5 Qxb5 28. Ra5 Qxb4 29. Rd5 Qc4 30. fxe5 dxe5 31. Rxe5 Nc6 32. Rc5 Qxe4 33. h3 Nb4 34. Rc7 Nd3 35. Qf6 Qe3+ 36. Kh2 Qe5+ 37. Qxe5 Nxe5 38. Rxb7 Kg7 39. Re1 Nc4 40. Rd7 Nb6 41. Rd6 Nc4 42. Ra6 Nd2 43. Rc6 Nb3 44. Rd1 Na5 45. Rc7 Nb3 46. Rd3 Rb8 47. Rf3 Rf8 48. Rxb3 Kg8 49. Rbb7 Kg7 50. Kg3 h5 51. Kf4 Kh6 52. Rxf7 Rxf7+ 53. Rxf7 g5+ 54. Kf5 h4 55. Rf6+ Kh5 56. Rf8 Kh6 57. Rh8+ Kg7 58. Rh5 Kf7 59. Rxg5 1-0


[Site "https://www.chess.com"]

[Event "Titled Tuesday Blitz October 25 Late 2022"]
[White "Pein, Jonathan"]
[Black "Bilan, Danila"]
[WhiteFideId "417092"]
[BlackFideId "24161918"]
[WhiteElo "2240"]
[BlackElo "2203"]
[Result "1-0"]
[Round "05"]
[TimeControl "180+1"]
[Date "2022.10.26"]
[WhiteClock "0:00:17"]
[BlackClock "0:00:06"]

1. e4 c6 2. b3 d5 3. Bb2 dxe4 4. Nc3 Nf6 5. Nge2 Bg4 6. h3 Bh5 7. g4 Bg6 8. Bg2 e6 9. Nf4 Be7 10. h4 e5 11. Nxg6 hxg6 12. g5 Nd5 13. Bxe4 Nf4 14. Qf3 Nd7 15. O-O-O Ne6 16. Qg3 Qc7 17. Kb1 O-O-O 18. d3 Qa5 19. a4 Bc5 20. Ne2 Qc7 21. Bg2 Qb6 22. Rhf1 Nd4 23. Nxd4 Bxd4 24. f4 Bxb2 25. Kxb2 Nc5 26. Qg4+ Ne6 27. fxe5 Rd4 28. Qf3 Rf8 29. Bh3 c5 30. a5 Qa6 31. c3 Rxh4 32. Bg2 Rf4 33. Qd5 Rxf1 34. Rxf1 Rd8 35. Qe4 Qxd3 36. Qxb7# 1-0


[Site "https://www.chess.com"]

[Event "Titled Tuesday Blitz October 25 Late 2022"]
[White "Petrova, Irina"]
[Black "Toncheva, Nadya"]
[WhiteFideId "14124122"]
[BlackFideId "2924056"]
[WhiteElo "2023"]
[BlackElo "2101"]
[Result "1/2-1/2"]
[Round "05"]
[TimeControl "180+1"]
[Date "2022.10.26"]
[WhiteClock "0:00:06"]
[BlackClock "0:00:04"]

1. e4 c5 2. Nf3 Nc6 3. Bb5 e6 4. Bxc6 bxc6 5. O-O d6 6. b3 Ne7 7. Bb2 e5 8. c3 g6 9. d4 exd4 10. cxd4 Bg7 11. Nc3 cxd4 12. Nxd4 O-O 13. Rc1 Bb7 14. Re1 Re8 15. Na4 Qd7 16. Nf3 Bxb2 17. Nxb2 Rad8 18. Nc4 c5 19. Nfd2 Nc6 20. Nf3 Nb4 21. e5 dxe5 22. Qxd7 Rxd7 23. Nfxe5 Rdd8 24. a3 Nd5 25. Nd3 Bc6 26. Nxc5 Rxe1+ 27. Rxe1 Nf4 28. h3 Nxg2 29. Re7 Nf4 30. Ne5 Bd5 31. Ncd7 Kg7 32. b4 Rc8 33. Nc5 Nxh3+ 34. Kh2 Nxf2 35. Ned7 Ng4+ 36. Kg3 Nf6 37. Nxf6 Kxf6 38. Rxa7 h5 39. Nd7+ Kf5 40. Nc5 g5 41. a4 h4+ 42. Kh2 g4 43. Re7 g3+ 44. Kh3 Rg8 45. Re1 g2 46. Kh2 Kf4 47. Nd3+ Kf3 48. Ne5+ Kf4 49. Nd3+ Kf5 50. Re5+ Kf6 51. Re1 Bf3 52. Nf4 Kf5 53. Nh3 Bc6 54. Ng1 Bxa4 55. Ra1 Bc6 56. Ra5+ Kf4 57. b5 f5 58. bxc6 Rc8 59. Ra4+ Ke3 60. Rxh4 Rxc6 61. Rh3+ Kf4 62. Rf3+ Kg4 63. Kxg2 Rc2+ 64. Rf2 Rxf2+ 65. Kxf2 f4 66. Nf3 Kf5 67. Nh4+ Ke6 68. Ng2 Kd7 69. Nxf4 1/2-1/2


[Site "https://www.chess.com"]

[Event "Titled Tuesday Blitz October 25 Late 2022"]
[White "Petrovic, Aleksa"]
[Black "Liu, Kelsey"]
[WhiteFideId "967629"]
[BlackFideId "30944481"]
[WhiteElo "2242"]
[BlackElo "2385"]
[Result "1-0"]
[Round "05"]
[TimeControl "180+1"]
[Date "2022.10.26"]
[WhiteClock "0:00:17"]
[BlackClock "0:00:02"]

1. e4 c5 2. Nc3 e6 3. g3 Nc6 4. Bg2 g6 5. d3 Bg7 6. Nh3 Nge7 7. O-O O-O 8. f4 d6 9. g4 Nd4 10. f5 exf5 11. gxf5 gxf5 12. Qh5 f6 13. exf5 Bxf5 14. Rxf5 Nexf5 15. Be4 Qe8 16. Qd1 Qg6+ 17. Kh1 Rae8 18. Nf4 Qh6 19. Qg4 Qh4 20. Bxf5 Nxf5 21. Qxf5 Re1+ 22. Kg2 Rfe8 23. Ne4 Kh8 24. b3 Rd1 25. Bb2 1-0


[Site "https://www.chess.com"]